 Dungeon Crawl Stone Soup version 0.30-a0-739-gea05faddec (webtiles) character file.

Game seed: 2065719781635828190

10895 KleinerIrrer the Warrior (level 11, -10/135 HPs)
             Began as an Ogre Gladiator on Feb 4, 2023.
             Was an Elder of Okawaru.
             Mangled by a large abomination (30 damage)
             ... on level 2 of the Abyss.
             The game lasted 00:23:14 (8774 turns).

KleinerIrrer the Warrior (Ogre Gladiator)           Turns: 8774, Time: 00:23:15

Health: -10/135    AC:  8    Str: 28    XL:     11   Next: 69%
Magic:  15/15      EV: 11    Int:  8    God:    Okawaru [****..]
Gold:   250        SH:  0    Dex:  9    Spells: 10/10 levels left

rFire   . . .      SeeInvis .    P - +0 giant spiked club
rCold   . . .      Faith    .    (shield currently unavailable)
rNeg    . . .      Spirit   .    b - +0 robe
rPois   +          Reflect  .    c - +0 hat
rElec   +          Harm     .    S - +0 cloak
rCorr   .          Rampage  .    (gloves unavailable)
Will    +....                    (boots unavailable)
Stlth   +++                      r - amulet of regeneration
HPRegen 1.22/turn                f - +4 ring of protection
MPRegen 0.14/turn                N - ring of poison resistance

@: heroic
A: large, unfitting armour, tough skin 1, screaming 1, electricity resistance,
strong 1
a: Renounce Religion, Heroism, Finesse


You were on level 2 of the Abyss.
You worshipped Okawaru.
Okawaru was greatly pleased with you.
You visited 2 branches of the dungeon, and saw 11 of its levels.
You visited the Abyss 1 time.
You also visited: Ossuary.

You collected 490 gold pieces.
You spent 240 gold pieces at shops.

Inventory:

Hand Weapons
 a - a +0 flail
 P - a +0 giant spiked club (weapon)
Missiles
 d - 3 throwing nets
 e - 7 large rocks
 m - 8 javelins
 p - 24 poisoned darts (quivered)
 C - 2 boomerangs of dispersal
 R - 4 boomerangs
Armour
 b - a +0 robe (worn)
 c - a +0 hat (worn)
 S - a +0 cloak (worn)
Jewellery
 f - a +4 ring of protection (left hand)
 r - an amulet of regeneration (around neck)
 t - a +6 ring of strength
 G - a +5 ring of evasion
 N - a ring of poison resistance (right hand)
Wands
 j - a wand of light (5)
 w - a wand of roots (7)
 y - a wand of paralysis (10)
 A - a wand of mindburst (10)
 I - a wand of digging (3)
 J - a wand of flame (6)
Scrolls
 h - 3 scrolls of amnesia
 n - a scroll of blinking {unknown}
 q - 8 scrolls of teleportation {unknown}
 s - 2 scrolls of torment {unknown}
 u - a scroll of vulnerability {unknown}
 D - 2 scrolls of fog {unknown}
 F - 2 scrolls of magic mapping
 H - a scroll of enchant armour {unknown}
 K - 2 scrolls of brand weapon {unknown}
 L - 2 scrolls of enchant weapon {unknown}
 O - a scroll of noise {unknown}
 Q - 2 scrolls of identify
Potions
 g - 3 potions of ambrosia
 i - 5 potions of lignification
 k - 4 potions of flight
 l - 3 potions of resistance
 o - a potion of attraction
 v - a potion of curing
 x - 2 potions of haste
 z - 2 potions of degeneration
 B - a potion of cancellation {unknown}
 E - 3 potions of brilliance
 M - a potion of mutation
Miscellaneous
 T - a condenser vane


   Skills:
 + Level 15.8(20.8) Fighting
 + Level 11.6(16.6) Maces & Flails
 - Level 2.0(7.0) Throwing
 - Level 2.6(7.6) Dodging
 * Level 6.1 Invocations


You had 10 spell levels left.
You didn't know any spells.
Your spell library contained the following spells:

 Spells                   Type           Power      Damage    Failure   Level
 Beastly Appendage        Tmut           0%         N/A       41%         1
 Slow                     Hex            0%         N/A       41%         1
 Blink                    Tloc           0%         N/A       54%         2
 Lesser Beckoning         Tloc           0%         N/A       54%         2
 Momentum Strike          Conj/Tloc      0%         3d8       54%         2
 Wereblood                Tmut           0%         N/A       54%         2
 Confusing Touch          Hex            0%         N/A       78%         3
 Spider Form              Tmut/Pois      0%         N/A       78%         3
 Vampiric Draining        Necr           0%         2d6       78%         3
 Passage of Golubria      Tloc           0%         N/A       99%         4
 Silence                  Hex/Air        0%         N/A       100%        5
 Lehudib's Crystal Spear  Conj/Erth      0%         10d2      100%        8


Dungeon Overview and Level Annotations

Branches:
Dungeon (10/15)            Temple (1/1) D:5            Lair (0/5) D:10
    Orc (0/2) D:9         Ossuary (visited)

Altars:
Ashenzari
Cheibriados
Elyvilon
Fedhas
Gozag
Hepliaklqana
Kikubaaqudgha
Nemelex Xobeh
Okawaru
Qazlal
Ru
Sif Muna
Trog
Uskayaw
Wu Jian
Yredelemnul

Shops:
D:2 =![=   D:4 [   D:5 *

Annotations:
D:9 4 runed translucent doors


Innate Abilities, Weirdness & Mutations

You are too large for most types of armour.
You have tough skin. (AC +1)
You occasionally shout uncontrollably at your foes.
You are resistant to electric shocks. (rElec)
Your muscles are strong. (Str +4, Int/Dex -1)


Message History

The thrashing horror tramples you!
You hold your ground!
The thrashing horror tramples you.
You hold your ground!
You bludgeon the thrashing horror!!
The thrashing horror is almost destroyed.
The thrashing horror churns violently!
The thrashing horror seems to grow stronger.
The thrashing horror tramples you!
You hold your ground!
The thrashing horror barely misses you.
You thump the thrashing horror!
You destroy the thrashing horror!
Okawaru accepts your kill. Okawaru grants you throwing weapons!
Something appears at your feet!
Your Invocations skill increases to level 6!
You barely miss the small abomination. The small abomination hits you!
You bludgeon the small abomination!!
You destroy the small abomination!
Okawaru accepts your kill.
You closely miss the small abomination.
The small abomination barely misses you.
You flatten the small abomination like a pancake!!!
You destroy the small abomination!
Okawaru accepts your kill. The hell hound breathes flames at you.
The blast of flame hits you!
You barely miss the hell hound.
The hell hound bites you but does no damage.
The hell hound closely misses you.
You impale the hell hound!!
You kill the hell hound!
Okawaru accepts your kill.
You puncture the large abomination!
The large abomination is moderately damaged.
The large abomination hits you!
You bludgeon the large abomination!!
The large abomination is almost destroyed.
The large abomination hits you!!
* * * LOW HITPOINT WARNING * * *
You feel better. The large abomination hits you!!
You die...

### #..# . #
# .## # #
.##.WX### ..
.##.#.#
#W#######W.#
# ##X## #
#@#.# #
#.....# #
#.#....# ##
# ...#...
#.###.#.# ##
####


You could see a large abomination and a wraith.

Vanquished Creatures
  2 two-headed ogres (D:10)
  Erica (D:8)
  5 death yaks (D:10)
  A thrashing horror (Abyss:2)
  An orc knight (D:8)
  A cyclops (D:8)
  Joseph (D:7)
  A troll (D:9)
  A hornet (D:9)
  A vampire (D:10)
  A wyvern (D:10)
  A steam dragon (D:8)
  Edmund (D:6)
  Menkaure (Ossuary)
  A hell hound (Abyss:2)
  A sky beast (D:8)
  5 orc warriors
  4 black bears
  4 centaurs
  A phantom (D:6)
  3 kobold brigands
  4 bullfrogs
  A necrophage (D:7)
  3 scorpions
  2 small abominations (Abyss:2)
  2 electric eels (D:9)
  A howler monkey (D:10)
  3 jellies
  2 centaur zombies (Ossuary)
  6 hounds
  9 orc priests
  Ijyb (D:4)
  2 iguanas (D:4)
  4 orc wizards
  Natasha (thrice) (D:3)
  3 ogre zombies (Ossuary)
  6 mummies (Ossuary)
  4 gnolls (D:7)
  9 adders
  A shadow imp (D:6)
  A white imp (D:6)
  An ufetubus (D:5)
  3 adder zombies (Ossuary)
  3 worms (D:3)
  23 orcs
  8 ball pythons
  7 endoplasms
  A giant cockroach (D:2)
  4 goblins
  6 hobgoblins
  4 jackals (D:1)
  23 kobolds
  2 quokkas (D:2)
  4 bats
  3 frilled lizards
  3 goblin zombies (Ossuary)
  5 hobgoblin zombies (Ossuary)
  3 kobold zombies (Ossuary)
  6 quokka zombies (Ossuary)
  4 rats
  5 rat zombies (Ossuary)
223 creatures vanquished.

Vanquished Creatures (others)
  An orc (D:9)
  A lurking horror (Abyss:2)
  3 plants (D:5)
5 creatures vanquished.

Grand Total: 228 creatures vanquished

Notes
Turn   | Place    | Note
-------+----------+-------------------------------------------
     0 | D:1      | KleinerIrrer the Ogre Gladiator began the quest for the
                  | Orb.
     0 | D:1      | Reached XP level 1. HP: 22/22 MP: 1/1
    51 | D:1      | Reached skill level 3 in Fighting
    62 | D:1      | Reached XP level 2. HP: 21/31 MP: 2/2
   552 | D:2      | Found Alagh's Jewellery Emporium.
   561 | D:2      | Reached XP level 3. HP: 39/39 MP: 3/3
   600 | D:2      | Found a faded altar of an unknown god.
   625 | D:2      | Found Ritex's Distillery.
   687 | D:2      | Reached skill level 4 in Fighting
   728 | D:2      | Found Doziejiele's Jewellery Shoppe.
   751 | D:2      | Found Koiriz's Antique Armour Shoppe.
  1081 | D:3      | Noticed Natasha
  1087 | D:3      | Killed Natasha
  1088 | D:3      | Reached XP level 4. HP: 42/49 MP: 4/4
  1143 | D:3      | Noticed Natasha
  1166 | D:3      | Killed Natasha
  1167 | D:3      | Reached skill level 5 in Fighting
  1205 | D:3      | Reached XP level 5. HP: 57/57 MP: 5/5
  1234 | D:3      | Noticed Natasha
  1238 | D:3      | Killed Natasha
  1682 | D:4      | Noticed Ijyb
  1692 | D:4      | Killed Ijyb
  1729 | D:4      | Reached skill level 6 in Fighting
  1729 | D:4      | Reached XP level 6. HP: 55/67 MP: 6/6
  1823 | D:4      | Found Ycrim's Armour Shop.
  2000 | D:4      | Reached skill level 5 in Maces & Flails
  2303 | D:4      | Reached skill level 7 in Fighting
  2303 | D:4      | Reached XP level 7. HP: 71/78 MP: 7/7
  2418 | D:5      | Entered Level 5 of the Dungeon
  2495 | D:5      | Found a staircase to the Ecumenical Temple.
  2505 | Temple   | Entered the Ecumenical Temple
  2689 | Temple   | Became a worshipper of Warmaster Okawaru
  3124 | D:5      | Reached skill level 8 in Fighting
  3126 | D:5      | Reached * piety under Okawaru
  3163 | D:5      | Found Cootumm's General Store.
  3241 | D:5      | Reached XP level 8. HP: 83/89 MP: 8/8
  3740 | D:6      | Reached skill level 9 in Fighting
  4045 | D:6      | Noticed Edmund
  4061 | D:6      | Killed Edmund
  4061 | D:6      | Reached ** piety under Okawaru
  4062 | D:6      | Reached skill level 10 in Fighting
  4439 | D:7      | Noticed Joseph
  4472 | D:7      | Killed Joseph
  4473 | D:7      | Reached XP level 9. HP: 28/102 MP: 5/11
  5105 | D:8      | Found a sand-covered staircase.
  5113 | Ossuary  | Entered an ossuary
  5404 | Ossuary  | Reached skill level 11 in Fighting
  5412 | Ossuary  | Noticed Menkaure
  5434 | Ossuary  | Killed Menkaure
  5670 | Ossuary  | Gained mutation: You are resistant to electric shocks.
                  | (rElec) [potion of mutation]
  5670 | Ossuary  | Gained mutation: You occasionally shout uncontrollably at
                  | your foes. [potion of mutation]
  5670 | Ossuary  | Gained mutation: Your muscles are strong. (Str +4, Int/Dex
                  | -1) [potion of mutation]
  5756 | D:8      | Noticed a cyclops
  5880 | D:8      | Noticed an orc knight
  6282 | D:9      | Found a runed translucent door.
  6303 | D:9      | Found a runed translucent door.
  6321 | D:9      | Found a runed translucent door.
  6335 | D:9      | Found a runed translucent door.
  6514 | D:9      | Noticed a hornet
  6539 | D:9      | Killed a hornet
  6539 | D:9      | Reached *** piety under Okawaru
  6539 | D:9      | Received a gift from Okawaru
  6540 | D:9      | Reached skill level 12 in Fighting
  6540 | D:9      | Reached XP level 10. HP: 45/115 MP: 13/13
  6759 | D:2      | Bought a ring of poison resistance for 240 gold pieces
  6897 | D:8      | Killed an orc knight
  7057 | D:8      | Noticed Erica
  7070 | D:8      | Killed Erica
  7071 | D:8      | Reached skill level 13 in Fighting
  7178 | D:8      | Killed a cyclops
  7502 | D:9      | Reached skill level 10 in Maces & Flails
  7741 | D:9      | Found a staircase to the Orcish Mines.
  7884 | D:9      | Noticed a two-headed ogre
  7900 | D:10     | Entered Level 10 of the Dungeon
  7908 | D:10     | Reached skill level 14 in Fighting
  8038 | D:10     | Killed a two-headed ogre
  8039 | D:10     | Reached XP level 11. HP: 17/131 MP: 12/14
  8171 | D:10     | Noticed a death yak
  8173 | D:10     | Found a staircase to the Lair.
  8173 | D:10     | Noticed a death yak
  8183 | D:10     | Noticed a death yak
  8185 | D:10     | Killed a death yak
  8185 | D:10     | Reached **** piety under Okawaru
  8186 | D:10     | Noticed a death yak
  8186 | D:10     | Noticed a death yak
  8194 | D:10     | Killed a death yak
  8201 | D:10     | Killed a death yak
  8202 | D:10     | Reached skill level 15 in Fighting
  8207 | D:10     | Killed a death yak
  8214 | D:10     | Killed a death yak
  8355 | D:10     | Reached skill level 5 in Invocations
  8452 | D:10     | Noticed a two-headed ogre
  8461 | D:10     | Killed a two-headed ogre
  8461 | D:10     | Reached ***** piety under Okawaru
  8641 | D:10     | Noticed a wizard
  8644 | Abyss:2  | Cast into level 2 of the Abyss (a wizard)
  8656 | Abyss:2  | Found a corrupted altar of Lugonu.
  8656 | Abyss:2  | Found a corrupted altar of Lugonu.
  8679 | Abyss:2  | Noticed a starcursed mass
  8753 | Abyss:2  | Noticed a thrashing horror
  8763 | Abyss:2  | Killed a thrashing horror
  8763 | Abyss:2  | Received a gift from Okawaru
  8774 | Abyss:2  | Mangled by a large abomination

Illustrated notes

Levels and vault maps discovered:
D:1:      minmay_arrival_shattered_statue, layout_rooms, interstate_on_off
D:2:      layout_basic, basic_ecumenical_altar, serial_shops,
          nicolae_shop_overgrown_old_shop, nicolae_shop_statue_plus,
          nicolae_shop_trees, shop, kennysheep_generic_room_7
D:3:      layout_loops_ring, grunt_ministairs_15, uniq_natasha
D:4:      layout_loops_ring, serial_shops, shop, minmay_misc_feat_cross,
          uniq_ijyb
D:5:      layout_layer_cave, minmay_temple_entry_overgrown, serial_shops, shop,
          minmay_misc_feat_x
D:6:      layout_cave_pods, uniq_edmund
D:7:      layout_cave_pools, fountainhead, uniq_joseph
D:8:      nzn_winding_woodlands_small [nzn_winding_woodlands_5x15_cabin,
          nzn_winding_woodlands_center_diamonds,
          nzn_winding_woodlands_5x15_river_crossing], layout_gridville,
          enter_ossuary_1, uniq_erica
D:9:      layout_long_grid, grunt_dithmenos_shadows, erik_orc_2,
          minmay_statue_crystal_thing
D:10:     layout_loops_cross, dpeg_lair_monsters, serial_bayou_pond_c
Temple:   roderic_octagonal_lattice_temple
Abyss:2:  base:
D:5

Skill      XL: |  1  2  3  4  5  6  7  8  9 10 11 |
---------------+----------------------------------+-----
Fighting       | 3 4 5 6 7 8 10 12 14 15 | 15.8
Maces & Flails | 3 4 5 6 7 8 10 11 | 11.6
Invocations    | 3 4 6 |  6.1
Throwing       | |  2.0
Dodging        | |  2.6

Action                     |  1- 3 |  4- 6 |  7- 9 | 10-12 || total
---------------------------+-------+-------+-------+-------++-------
  Melee: Flail             |    82 |   148 |   436 |   161 ||   827
         Punch             |       |     2 |     7 |     4 ||    13
         Giant spiked club |       |       |       |    67 ||    67
  Throw: Throwing net      |       |       |     2 |     1 ||     3
         Dart              |       |       |       |    25 ||    25
 Invoke: Heroism           |       |       |     3 |     8 ||    11
         Finesse           |       |       |       |     1 ||     1
  Evoke: Wand              |       |       |     1 |       ||     1
    Use: Scroll            |       |       |    17 |     1 ||    18
         Potion            |       |       |     8 |     6 ||    14
   Stab: Sleeping          |       |     1 |       |       ||     1
         Held in net/web   |       |       |     2 |       ||     2
 Armour: Robe              |    37 |    77 |   170 |    60 ||   344
  Dodge: Dodged            |    49 |    61 |   249 |   108 ||   467

Table legend: (Time is in decaauts)
 A = Elapsed time spent in this place.
 B = Non-inter-level travel time spent in this place.
 C = Inter-level travel time spent in this place.
 D = Time resting spent in this place.
 E = Time spent auto-exploring this place.
 F = Levels seen in this place.
 G = Mean time per level.
                   A        B        C        D        E       F      G
               +--------+--------+--------+--------+--------+-----+--------+
         Total |   8829 |   8007 |    822 |    587 |   5187 |  13 |  679.2 |
       Dungeon |   7927 |   7123 |    804 |    579 |   4732 |  10 |  792.7 |
        Temple |    202 |    184 |     18 |      0 |    164 |   1 |  202.0 |
         Abyss |    129 |    129 |      0 |      0 |      0 |   1 |  129.0 |
       Ossuary |    570 |    570 |      0 |      8 |    291 |   1 |  570.0 |
               +--------+--------+--------+--------+--------+-----+--------+

Top non-repeatable levels by time:
     D:8: 1095 daAuts
     D:6: 961 daAuts
     D:5: 957 daAuts
     D:9: 935 daAuts
     D:4: 791 daAuts
     D:3: 781 daAuts
    D:10: 716 daAuts
     D:7: 658 daAuts
 Ossuary: 570 daAuts
     D:1: 547 daAuts
     D:2: 483 daAuts
  Temple: 202 daAuts
 Abyss:2: 129 daAuts
